 Dungeon Crawl Stone Soup version 0.31-a0-188-g5e087ee2ca (webtiles) character file.

Game seed: 7805448084761229771

50 qw the Shooter (level 3, 0/20 HPs)
             Began as a Deep Elf Hunter on June 23, 2023.
             Slain by a kobold
             ... wielding a +0 short sword
              (2 damage)
             ... on level 2 of the Dungeon.
             The game lasted 00:00:21 (779 turns).

qw the Shooter (Deep Elf Hunter)                     Turns: 779, Time: 00:00:22

Health: 0/20       AC:  5    Str: 10    XL:     3   Next: 55%
Magic:  5/5        EV: 11    Int: 13    God:
Gold:   84         SH:  0    Dex: 18    Spells: 2/2 levels left

rFire   . . .        Y - +0 shortbow
rCold   . . .        (shield currently unavailable)
rNeg    . . .        i - +0 ring mail
rPois   .            (no helmet)
rElec   .            (no cloak)
rCorr   .            (no gloves)
SInv    .            (no boots)
Will    .....        (no amulet)
Stlth   +            (no ring)
HPRegen 0.23/turn    (no ring)
MPRegen 0.09/turn

%: no passive effects
@: no status effects
A: no striking features
a: no special abilities


You were on level 2 of the Dungeon.
You visited 1 branch of the dungeon, and saw 2 of its levels.

You collected 84 gold pieces.


   Skills:
 - Level 1.5 Fighting
 + Level 7.1 Ranged Weapons
 - Level 2.4 Dodging
 - Level 1.2 Stealth


You had 2 spell levels left.
You didn't know any spells.
Your spell library was empty.

Inventory:

Hand Weapons
 Y - a +0 shortbow (weapon)
Armour
 i - a +0 ring mail (worn)
Scrolls
 a - a scroll of identify {unknown}
Potions
 f - a potion of haste {unknown}
 g - a potion of magic {unknown}
 h - a potion of cancellation {unknown}

Dungeon Overview and Level Annotations

Branches:
Dungeon (2/15)

Altars:


Message History

Enter note: You shoot an arrow.
The endoplasm quivers.
The arrow hits the gnoll!
The gnoll is severely wounded.
You hear a shout! x2
A gnoll comes into view. It is wielding a +0 flail.
A kobold comes into view. It is wielding a +0 short sword.
A gnoll comes into view. It is wielding a +0 spear.
You shoot an arrow. The arrow closely misses the gnoll.
The arrow closely misses the kobold.
The gnoll shouts!
The kobold shouts!
You shoot an arrow. The arrow hits the gnoll.
You kill the gnoll!
You shoot an arrow. The arrow hits the endoplasm.
The endoplasm is severely wounded.
You shoot an arrow. The arrow hits the endoplasm!
You kill the endoplasm!
You shoot an arrow. The arrow hits the gnoll.
The gnoll is heavily wounded.
The kobold misses you. The gnoll hits you with a +0 club.
The gnoll barely misses you.
You shoot an arrow. The arrow hits the gnoll!
You kill the gnoll!
The gnoll completely misses you.
The kobold hits you with a +0 short sword.
The gnoll hits you but does no damage.
Your Ranged Weapons skill increases to level 7!
You shoot an arrow. The arrow completely misses the gnoll.
The gnoll hits you with a +0 club. The kobold completely misses you.
The gnoll hits you from afar with a +0 spear.
You shoot an arrow. The arrow barely misses the gnoll.
The gnoll barely misses you.
The kobold hits you with a +0 short sword.
The gnoll completely misses you.
You shoot an arrow. The arrow hits the gnoll!
The gnoll is heavily wounded.
The gnoll hits you with a +0 club.
The kobold hits you with a +0 short sword.
You die...

######## ##......##
.#........##
......)....#
......g@...#######
......K..........#
.....g...........#
....)............#######
.#......................
........................
#.......................
#..........####.........
........# #.....%...


You could see 2 gnolls and a kobold.

Vanquished Creatures
  2 gnolls (D:2)
  A dart slug (D:1)
  3 endoplasms
  3 goblins
  5 hobgoblins
  A kobold (D:2)
  3 ball pythons (D:1)
  4 bats (D:1)
  A frilled lizard (D:1)
  5 rats
28 creatures vanquished.

Notes
Turn   | Place    | Note
-------+----------+-------------------------------------------
     0 | D:1      | qw the Deep Elf Hunter began the quest for the Orb.
     0 | D:1      | Reached XP level 1. HP: 12/12 MP: 3/3
     0 | D:1      | 0 ||| qw: Version: 0.3-a-9-g12657ce
     0 | D:1      | 0 ||| qw: Game counter: 4348
     0 | D:1      | 0 ||| qw: Always use a shield: true
     0 | D:1      | 0 ||| qw: God list: Okawaru
     0 | D:1      | 0 ||| qw: Allow faded altars: false
     0 | D:1      | 0 ||| qw: Do Orc after D:15 true
     0 | D:1      | 0 ||| qw: Do second Lair branch before Depths: true
     0 | D:1      | 0 ||| qw: Lair rune preference: random
     0 | D:1      | 0 ||| qw: Plans: Normal
     0 | D:1      | 0 ||| PLANNING D:1-11
   252 | D:1      | Reached XP level 2. HP: 15/16 MP: 4/4
   254 | D:1      | Reached skill level 6 in Ranged Weapons
   627 | D:1      | 627 ||| UPGRADING to +0 ring mail.
   637 | D:1      | 637 ||| DROPPING +0 leather armour.
   638 | D:1      | 638 ||| READING scroll labelled QEFFEBEOLUMP.
   639 | D:1      | 639 ||| READING scroll labelled INLOHEIWA.
   640 | D:1      | 640 ||| DROPPING scroll of butterflies.
   683 | D:2      | 683 ||| FLEEEEING.
   684 | D:2      | 684 ||| FLEEEEING.
   685 | D:2      | 685 ||| FLEEEEING.
   686 | D:2      | 686 ||| FLEEEEING.
   687 | D:2      | 687 ||| FLEEEEING.
   688 | D:2      | 688 ||| FLEEEEING.
   689 | D:2      | 689 ||| FLEEEEING.
   690 | D:2      | 690 ||| FLEEEEING.
   691 | D:2      | 691 ||| STAIRDANCE
   742 | D:2      | 742 ||| FLEEEEING.
   766 | D:2      | Reached XP level 3. HP: 20/20 MP: 5/5
   777 | D:2      | Reached skill level 7 in Ranged Weapons
   779 | D:2      | HP: 2/20 [gnoll/+0 club (5)]
   779 | D:2      | Slain by a kobold

Levels and vault maps discovered:
D:1:      psy_arrival_dodecagon, layout_loops_ring
D:2:      layout_rooms, uniq_jessica, uniq_crazy_yiuf_cottage

Skill      XL: |  1  2  3 |
---------------+----------+-----
Ranged Weapons | 6 7 |  7.1
Fighting       | |  1.5
Dodging        | |  2.4
Stealth        | |  1.2

Action                     || total
---------------------------++-------
   Fire: Shortbow          ||    85
    Use: Scroll            ||     2
 Armour: Leather armour    ||     6
         Ring mail         ||     4
  Dodge: Dodged            ||    40

Table legend:
 A = Non-vault XP
 B = Vault XP
 C = Vault XP percentage of total XP
 D = Non-vault monster count
 E = Vault monster count
 F = Vault count percentage of total count
                 A         B        C        D         E       F
            +---------+---------+-------+---------+---------+-------
      Total |      72 |       0 |   0.0 |      28 |       0 |   0.0
            +---------+---------+-------+---------+---------+-------
        D:1 |      28 |       0 |   0.0 |      18 |       0 |   0.0
        D:2 |      44 |       0 |   0.0 |      10 |       0 |   0.0
            +---------+---------+-------+---------+---------+-------
